AoeStats
← Kulishaak

Arena

505179540Analyzed
1v1 RM · 23d ago on Sep 8, 2026· 51m 25s· 2 players
Game mode
Random Map
Map size
Tiny (2 player)
Population
200
Speed
Normal
Resources
Standard
Victory
Conquest
Starting age
Dark Age
Ending age
Imperial Age
RankedLock teamsTeams togetherTeam positionsShared explorationLock speedFull tech treeHidden civsTurbo modeCheats
Victory
Defeat
🇨🇳 Britons · China
1196
+15
🇨🇿 Armenians · Czechia
1174
-15
Kulishaak
1:43 Loom
10:34 Feudal Age
11:35 Double-Bit Axe
12:37 Gold Mining
12:16 Man-at-Arms
13:06 Arson
16:11 Long Swordsman
20:26 Scale Mail Armor
22:25 Fletching
24:40 Forging
27:33 Castle Age
25:56 Padded Archer Armor
26:32 Stone Mining
27:50 Elite Skirmisher
28:30 Bodkin Arrow
29:40 Wheelbarrow
28:55 Gambesons
30:25 Squires
32:05 Two-Handed Swordsman
33:41 Chain Mail Armor
32:50 Two-Handed Swordsman
35:32 Leather Archer Armor
40:53 Imperial Age
39:36 Bow Saw
39:15 Horse Collar
40:11 Gold Shaft Mining
42:31 Fereters
43:34 Bracer
44:17 Ballistics
44:09 Masonry
46:08 Champion
48:30 Hoardings
51:23 Chemistry
巨浪大切
9:55 Feudal Age
13:41 Castle Age
11:29 Double-Bit Axe
12:24 Horse Collar
20:08 Loom
20:58 Wheelbarrow
20:39 Fletching
20:50 Padded Archer Armor
20:16 Crossbowman
29:50 Bodkin Arrow
29:55 Padded Archer Armor
31:47 Town Watch
31:55 Gold Mining
35:01 Imperial Age
33:01 Stone Mining
34:42 Murder Holes
35:08 Ballistics
35:26 Hand Cart
35:50 Leather Archer Armor
35:46 Forging
35:37 Scale Mail Armor
35:42 Arbalester
40:07 Conscription
40:06 Bracer
40:36 Ring Archer Armor
40:48 Elite Skirmisher
42:56 Forging
44:46 Chemistry
44:41 Warwolf
46:25 Hoardings
48:06 Bow Saw
Connection lost

Rejoining the realm…

Still unreachable

The connection could not be restored.

Session expired

The server has moved on; the page needs a fresh start.